 Dungeon Crawl Stone Soup version 0.16-a0-3178-g2c88c44 (webtiles) character file.

3514 RobertPalmer the Jester (level 10, -11/58 HPs)
             Began as an Octopode Artificer on Dec 17, 2014.
             Was a Follower of Nemelex Xobeh.
             Hit by a large rock thrown by a cyclops (29 damage)
             ... on level 8 of the Dungeon.
             The game lasted 00:22:41 (10059 turns).

RobertPalmer the Jester (Octopode Artificer)       Turns: 10059, Time: 00:22:42

Health: -11/58     AC:  1    Str: 11    XL:     10   Next: 8%
Magic:  24/24      EV: 18    Int: 14    God:    Nemelex Xobeh [*.....]
Gold:   454        SH:  0    Dex: 16    Spells: 0 memorised, 9 levels left

rFire  . . .     SeeInvis .     b - +0 blowgun
rCold  . . .     Clarity  +     (no shield)
rNeg   . . .     SustAb   .     (helmet restricted)
rPois  .         Gourm    .     n - amulet of clarity
rElec  .         Spirit   .     (no ring)
rCorr  .         Warding  .     (no ring)
rMut   .         Stasis   .     (no ring)
MR     .....                    (no ring)
Stlth  +++.......               (no ring)
                                (no ring)
                                (no ring)
                                (no ring)

@: drained, not resistant to hostile enchantments, fairly stealthy
A: almost no armour, amphibious, 8 rings, constrict 8, camouflage 1, gelatinous
body 1
a: Renounce Religion


You were on level 8 of the Dungeon.
You worshipped Nemelex Xobeh.
Nemelex Xobeh was aware of your devotion.
You were not hungry.

You visited 1 branch of the dungeon, and saw 8 of its levels.

You collected 454 gold pieces.


Innate Abilities, Weirdness & Mutations

You cannot wear most types of armour.
You are amphibious.
You can wear up to eight rings at the same time.
You can use your tentacles to constrict many enemies at once.
Your skin changes colour to match your surroundings (Stealth).
Your rubbery body absorbs attacks (AC +1).


   Skills:
 - Level 1.0(0.2) Fighting
   Level 1.0(0.2) Short Blades
 + Level 9.6(8.6) Dodging
 - Level 1.3(0.5) Stealth
 - Level 12.5(11.4) Evocations


You had 9 spell levels left.
You didn't know any spells.

Inventory:

Hand weapons
 a - a +2 scimitar of freezing
 b - a +0 blowgun (weapon)
 Q - a +0 flail of holy wrath
Missiles
 h - 11 poisoned needles
 B - a throwing net
 J - a curare-tipped needle (quivered)
Armour
 l - a +0 buckler
Jewellery
 g - an uncursed ring of teleportation
 n - an amulet of clarity (around mantle)
 s - an uncursed amulet of stasis
 y - an uncursed amulet of resist mutation {unknown}
 N - an uncursed amulet of rage {unknown}
Magical devices
 c - a wand of enslavement (4)
 d - a wand of random effects (4)
 w - a wand of fire (0)
 x - a wand of fireball (3)
 F - a wand of lightning (0)
 H - a wand of lightning (3)
 K - a wand of paralysis (4)
Scrolls
 o - a scroll of fog
 u - 2 scrolls of amnesia
 v - 2 scrolls of teleportation
 I - 2 scrolls of remove curse
 M - 2 scrolls of identify
Potions
 e - a potion of agility
 k - a potion of curing
 m - 2 potions of haste
 p - 2 potions of might
 q - a potion of cancellation {unknown}
 t - a potion of heal wounds {unknown}
 z - a potion of poison {unknown}
 A - 2 potions of magic {unknown}
 C - a potion of berserk rage {unknown}
 E - a potion of restore abilities {unknown}
 O - a potion of lignification {unknown}
Miscellaneous
 G - a plain deck of escape {drawn: 4}
 L - a plain deck of escape
Comestibles
 f - 4 bread rations
 i - a royal jelly
 j - 4 meat rations
 r - 8 fruits
 D - a slice of pizza
 P - 2 chunks of flesh {@w1}

Dungeon Overview and Level Annotations

Branches:
Dungeon (8/15)             Temple (0/1) D:6
   Lair: D:8-11

Altars:
Ashenzari
Elyvilon
Fedhas
Gozag
Nemelex Xobeh
Okawaru
Qazlal
Ru
Vehumet

Shops:
D:6

: #'# ######.....# ### ...
#...........# # .£...
.#####(.#.## ##### .......#
##..###.## ##.##.
..........###..## ##.###.....
+...........(....###..)..†....
..........###C...#)######.#..
....C#.###..÷#.## #.##. ...
#...x....## #.### # #####.##.#
#.### #.###.# #...# #.# .#
###.# ..# ## #.# ### #.# #.#
##.# #...


You could see a cyclops.


Message History

Adjust to which letter? (? for menu, Esc to quit)
b - a blowgun;
Q - a +0 flail of holy wrath The cyclops shouts!
The cyclops is too close now for your liking.
A cyclops is nearby!
A cyclops is nearby!
A cyclops is nearby!
A cyclops is nearby!
A cyclops is nearby!
Evoke which item? (* to show all) (? for menu, Esc to quit)
Okay, then.
Your +2 scimitar of freezing stops glowing.
b - a +0 blowgun (weapon)
The cyclops throws a large rock.
The large rock hits you!!
Ouch! That really hurt!
* * * LOW HITPOINT WARNING * * *
You see here 23 arrows.
Evoke which item? (* to show all) (? for menu, Esc to quit)
Okay, then.
You start resting.
Firing (i - inventory. (,) - cycle):
J - 2 curare-tipped needles (quivered)
Aim: a cyclops You shoot a curare-tipped needle.
The curare-tipped needle hits the cyclops.
The cyclops is poisoned.
The cyclops convulses.
The cyclops seems to slow down.
The cyclops is lightly wounded.
The cyclops throws a large rock.
The large rock hits you!!
Ouch! That really hurt!
You die...
Your body glows slightly and disappears.

Action                   |  1- 3 |  4- 6 |  7- 9 | 10-12 || total
-------------------------+-------+-------+-------+-------++-------
Melee: Short sword       |    71 |       |   184 |       ||   255
       Dagger            |    31 |   145 |    57 |       ||   233
       Scimitar          |       |       |    13 |    14 ||    27
 Fire: Blowgun           |       |       |       |     1 ||     1
Throw: Throwing net      |       |       |     3 |       ||     3
Evoke: Wand              |       |    21 |    54 |     3 ||    78
       Deck              |       |       |     4 |       ||     4
  Use: Scroll            |     4 |     4 |    12 |     1 ||    21
       Potion            |       |     4 |       |     2 ||     6
 Stab: Sleeping          |    11 |     2 |    10 |       ||    23
       Distracted        |       |       |     1 |       ||     1
       Paralysed         |       |       |    15 |     3 ||    18
       Held in net/web   |       |       |     1 |       ||     1
  Eat: Chunk             |     3 |     5 |    17 |     1 ||    26
       Beef jerky        |       |     1 |       |       ||     1
       Pizza             |       |       |     1 |       ||     1

Vault maps used:
D:1:      dpeg_arrival_leaves_temple_mockup, minivault_14,
          hangedman_abyss_or_decor_lesser_grid
D:2:      lemuel_doored_altar
D:3:      grunt_temple_overflow_forces_of_nature, lemuel_round_altar,
          minmay_crystal_room, kennysheep_generic_room_6
D:5:      first_bread, lexackson_kobold_supper, uniq_eustachio
D:6:      overflow_temple_1_default, minmay_temple_entry_from_below_b,
          serial_shops, kennysheep_mini_moat
D:7:      okawaru_altar_gauntlet_db, minivault_22, grunt_ministairs_11,
          nicolae_sextant
D:8:      overflow_temple_1_default, gammafunk_temple_overflow_statue,
          led_sif_book

Notes
Turn   | Place    | Note
--------------------------------------------------------------
     0 | D:1      | RobertPalmer, the Octopode Artificer, began the quest for the Orb.
     0 | D:1      | Reached XP level 1. HP: 13/13 MP: 1/1
   246 | D:1      | Reached skill level 4 in Evocations
   246 | D:1      | Reached XP level 2. HP: 18/18 MP: 3/3
   945 | D:1      | Reached XP level 3. HP: 23/23 MP: 5/5
  1424 | D:2      | Reached skill level 5 in Evocations
  1987 | D:2      | Found an opulent altar of Gozag.
  2155 | D:3      | Reached XP level 4. HP: 19/28 MP: 7/7
  2415 | D:3      | Found a blossoming altar of Fedhas.
  2467 | D:3      | Reached skill level 6 in Evocations
  2790 | D:3      | Found a sacrificial altar of Ru.
  2845 | D:3      | Reached XP level 5. HP: 33/33 MP: 10/10
  2871 | D:3      | Found a stormy altar of Qazlal.
  3196 | D:4      | Noticed an ogre
  3223 | D:4      | Reached skill level 7 in Evocations
  3231 | D:4      | an ogre (ally) was killed
  3631 | D:4      | Reached XP level 6. HP: 19/38 MP: 13/13
  4063 | D:4      | Noticed Johnny's ghost (average HuHu)
  4298 | D:4      | Reached skill level 8 in Evocations
  4483 | D:4      | Killed Johnny's ghost
  4483 | D:4      | Reached skill level 9 in Evocations
  4483 | D:4      | Reached XP level 7. HP: 38/43 MP: 15/17
  4544 | D:5      | Entered Level 5 of the Dungeon
  4925 | D:5      | Noticed Eustachio
  4929 | D:5      | Killed Eustachio
  4929 | D:5      | Reached skill level 10 in Evocations
  5336 | D:5      | Reached XP level 8. HP: 42/48 MP: 20/20
  5426 | D:5      | Reached skill level 11 in Evocations
  5921 | D:6      | Noticed RobertPalmer's ghost (experienced OpAr)
  5935 | D:6      | Killed RobertPalmer's ghost
  5935 | D:6      | Reached skill level 12 in Evocations
  5984 | D:6      | Found a sparkling altar of Nemelex Xobeh.
  5997 | D:6      | Became a worshipper of Nemelex Xobeh the Trickster
  6114 | D:6      | Received a gift from Nemelex Xobeh
  6177 | D:6      | Reached skill level 3 in Dodging
  6425 | D:6      | Found Kleerat's Book Boutique.
  6484 | D:6      | Reached XP level 9. HP: 49/53 MP: 23/23
  6503 | D:6      | Found a staircase to the Ecumenical Temple.
  6513 | D:6      | Reached skill level 4 in Dodging
  7150 | D:7      | Reached skill level 5 in Dodging
  7290 | D:7      | Reached skill level 6 in Dodging
  7297 | D:7      | Received a gift from Nemelex Xobeh
  7996 | D:7      | Reached skill level 7 in Dodging
  8030 | D:7      | Found an iron altar of Okawaru.
  8656 | D:8      | Reached skill level 8 in Dodging
  8691 | D:8      | Found a shattered altar of Ashenzari.
  8715 | D:8      | Found a white marble altar of Elyvilon.
  8716 | D:8      | Found a radiant altar of Vehumet.
  9110 | D:8      | Noticed a cyclops
  9659 | D:8      | Noticed a manticore
  9667 | D:8      | Killed a manticore
  9667 | D:8      | Reached skill level 9 in Dodging
  9667 | D:8      | Reached XP level 10. HP: 45/58 MP: 24/24
  9673 | D:8      | HP: 5/58 [wight/enchanted great sword (6)]
 10059 | D:8      | Hit by a large rock thrown by a cyclops

Vanquished Creatures
  A manticore (D:8)
  The ghost of RobertPalmer the Prestidigitator, an experienced OpAr (D:6)
  The ghost of Johnny the Bolt Thrower, an average HuHu (D:4)
  Eustachio (D:5)
  4 ice beasts
  3 ogres
  5 centaurs
  2 big kobolds
  3 giant frogs
  3 scorpions
  3 wights (D:8)
  2 crimson imps (D:5)
  2 hounds (D:7)
  2 goliath beetles
  A centaur zombie (D:5)
  A giant frog zombie (D:6)
  3 orc wizards
  2 orc priests
  4 jellies
  2 iguanas
  3 worker ants
  A hound skeleton (D:4)
  A worker ant zombie (D:5)
  15 gnolls
  6 adders
  3 shadow imps
  2 worms
  8 giant geckos
  2 oozes
  11 orcs
  7 giant cockroaches
  15 hobgoblins
  11 jackals
  20 kobolds
  2 quokkas
  A ball python (D:2)
  12 bats
  6 giant newts
  14 goblins
  A quokka skeleton (D:7)
  12 rats
199 creatures vanquished.

Vanquished Creatures (collateral kills)
  A hound (D:6)
  A gnoll (D:3)
  4 orcs
  2 hobgoblins (D:4)
  A goblin (D:4)
9 creatures vanquished.

Vanquished Creatures (others)
  A scorpion (D:6)
  A wight (D:8)
  An adder (D:5)
3 creatures vanquished.

Grand Total: 211 creatures vanquished
